 Dungeon Crawl Stone Soup version 0.13.1-27-ga479965 (console) character file.

91 Jezuz the Charmwright (level 3, -8/15 HPs)
             Began as a Felid Skald on Jan 29, 2014.
             Mangled by an ogre
             ... wielding a +0,+0 giant club
              (23 damage)
             ... on Level 4 of the Dungeon.
             The game lasted 00:06:39 (551 turns).

Jezuz the Charmwright (Felid Skald)                  Turns: 551, Time: 00:06:44

HP  -8/15        AC  1     Str  8      XL: 3   Next: 25%
MP   4/8         EV 17     Int 13      God:
Gold 53          SH  0     Dex 16      Spells:  3 memorised,  0 levels left
Lives: 0, deaths: 0

Res.Fire  : . . .   See Invis. : +     - Unarmed
Res.Cold  : . . .   Warding    : .   (armour unavailable)
Life Prot.: . . .   Conserve   : .   (shield unavailable)
Res.Poison: .       Res.Corr.  : .   (helmet unavailable)
Res.Elec. : .       Clarity    : .   (cloak unavailable)
Sust.Abil.: . .     Spirit.Shd : .   (gloves unavailable)
Res.Mut.  : .       Stasis     : .   (boots unavailable)
Res.Rott. : .       Flight     : .   (no amulet)
Saprovore : . . .                    (no ring)
                                     (no ring)

@: shrouded, quick, slightly resistant to hostile enchantments, fairly stealthy
A: paw claws, no armour, no advanced items, fangs 3, see invisible, carnivore 3,
speed 1, slow metabolism 1, AC +1
a: no special abilities


You were on level 4 of the Dungeon.
You were very full.

You visited 1 branch of the dungeon, and saw 4 of its levels.

You collected 33 gold pieces.

Inventory:

Comestibles
 d - a meat ration
Scrolls
 a - 3 scrolls of remove curse {unknown}
 e - a scroll of enchant weapon II {unknown}
 f - a scroll of blinking {unknown}
 g - 3 scrolls of identify {unknown}
Potions
 b - 2 potions of heal wounds
 h - 2 potions of curing {unknown}


   Skills:
 - Level 2.0 Fighting
 - Level 2.1 Dodging
 - Level 3.5 Unarmed Combat
 - Level 2.0 Spellcasting
 - Level 3.6 Charms
 + Level 0.8 Necromancy


You couldn't memorise any spells.
You knew the following spells:

 Your Spells              Type           Power        Failure   Level  Hunger
a - Infusion              Chrm           ##....       8%          1    ##.....
b - Shroud of Golubria    Chrm/Tloc      #.........   21%         2    ###....
c - Regeneration          Chrm/Necr      #.........   34%         3    ####...


Dungeon Overview and Level Annotations

Branches:
Dungeon (4/27)
 Temple: D:4-7

Altars:


Innate Abilities, Weirdness & Mutations

You cannot wear armour.
You are incapable of any advanced item manipulation.
Your paws have sharp claws.
You have razor-sharp teeth.
You have supernaturally acute eyesight.
You are carnivorous and can eat meat at any time.
You cover ground quickly.
You are covered in fur (AC +1).
You have a slow metabolism.


Message History

A crocodile and an ogre come into view.
The ogre shouts!
There is a stone staircase leading up here.
An adder comes into view.
Casting: Shroud of Golubria
Confirm with . or Enter, or press ? or * to list all spells.
Space distorts slightly along a thin shroud covering your body.
Casting: Shroud of Golubria
Confirm with . or Enter, or press ? or * to list all spells.
Your attacks are magically infused.
You barely miss the ogre. The ogre closely misses you.
You completely miss the ogre. You bite the ogre.
The ogre is lightly wounded.
You scratch the ogre.
The ogre begins to bleed from its wounds!
You bite the ogre.
The ogre is moderately wounded.
The ogre hits you with a giant club!
Ouch! That really hurt!
You die...

....... .....
..... ... ...
#.# #S# #O#
###t.###@###.#
........<....#
########.#####
#.# #.# ###


You could see an ogre (bleeding) and an adder.

Vanquished Creatures
  An adder (D:2)
  A giant mite (D:1)
  An ooze (D:1)
  An orc (D:3)
  2 goblins
  3 hobgoblins
  6 jackals
  A bat (D:1)
  A giant cockroach (D:2)
  A giant newt (D:1)
  3 kobolds
  A rat (D:1)
22 creatures vanquished.

Notes
Turn   | Place    | Note
--------------------------------------------------------------
     0 | D:1      | Jezuz, the Felid Skald, began the quest for the Orb.
     0 | D:1      | Reached XP level 1. HP: 9/9 MP: 4/4
   176 | D:1      | Reached XP level 2. HP: 10/12 MP: 0/6
   180 | D:1      | Learned a level 2 spell: Shroud of Golubria
   321 | D:2      | Reached XP level 3. HP: 12/15 MP: 0/8
   358 | D:2      | Learned a level 3 spell: Regeneration
   543 | D:4      | Noticed a crocodile
   543 | D:4      | Noticed an ogre
   551 | D:4      | Mangled by an ogre

Action                   || total
-------------------------++-------
Melee: Unarmed           ||    69
 Cast: Infusion          ||     5
       Shroud of Golubri ||     5
  Use: Potion            ||     1
